 Dungeon Crawl Stone Soup version 0.23-b1-51-gfe822ef6ca (webtiles) character file.

Game seed: 13159493840337272867

94 Revguard the Stinger (level 4, -7/36 HPs)
             Began as a Draconian Venom Mage on Feb 4, 2019.
             Killed by nerve-wracking pain
             ... invoked by Grinder
              (14 damage)
             ... on level 3 of the Dungeon.
             The game lasted 00:09:25 (2000 turns).

Revguard the Stinger (Draconian Venom Mage)         Turns: 2000, Time: 00:09:25

Health: -7/36      AC:  5    Str: 15    XL:     4   Next: 38%
Magic:  5/7        EV: 12    Int: 17    God:
Gold:   88         SH:  0    Dex: 15    Spells: 1/7 levels left

rFire    . . .     SeeInvis .   d - +0 spear
rCold    . . .     Gourm    .   (no shield)
rNeg     . . .     Faith    .   (armour unavailable)
rPois    .         Spirit   .   g - +0 hat
rElec    .         Reflect  .   (no cloak)
rCorr    .         Harm     .   (no gloves)
MR       .....                  (no boots)
Stlth    ++........             c - amulet of the acrobat
HPRegen  0.12/turn              i - +4 ring of dexterity
MPRegen  0.10/turn              (no ring)

@: mighty
A: unfitting armour, cold-blooded, AC +5
a: no special abilities


You were on level 3 of the Dungeon.
You were not hungry.

You visited 1 branch of the dungeon, and saw 3 of its levels.

You collected 88 gold pieces.

Inventory:

Hand Weapons
 d - a +0 spear (weapon)
Armour
 g - a +0 hat (worn)
Jewellery
 c - an amulet of the acrobat (around neck)
 f - an uncursed ring of attention
 i - a +4 ring of dexterity (left hand)
Scrolls
 h - a scroll of identify
 j - a scroll of remove curse
 k - a scroll of enchant armour {unknown}
 m - a scroll of teleportation {unknown}
Potions
 a - 3 potions of brilliance
 e - a potion of invisibility
 l - a potion of degeneration
Comestibles
 b - 5 rations


   Skills:
 * Level 2.1 Fighting
 * Level 1.4 Polearms
 + Level 2.0 Dodging
 - Level 1.7 Stealth
 + Level 2.3 Spellcasting
 + Level 1.2 Conjurations
 + Level 1.1 Air Magic
 + Level 3.5 Poison Magic


You had one spell level left.
You knew the following spells:

 Your Spells              Type           Power        Failure   Level  Hunger
a - Sting                 Conj/Pois      ##..         7%          1    #......
b - Poisonous Vapours     Pois/Air       ##....       11%         2    ##.....
c - Mephitic Cloud        Conj/Pois/Air  #.......     26%         3    ###....

Your spell library contained the following spells:

 Spells                   Type           Power        Failure   Level  Hunger
 Olgreb's Toxic Radiance  Pois           ##......     41%         4    #####..
 Venom Bolt               Conj/Pois      ##........   89%         5    ######.


Dungeon Overview and Level Annotations

Branches:
Dungeon (3/15)

Altars:

Annotations:
D:3 Grinder


Innate Abilities, Weirdness & Mutations

Your plain brown scales are hard. (AC +5)
You cannot fit into any form of body armour.
You are cold-blooded and may be slowed by cold attacks.


Message History

You suddenly lose the ability to move!
Grinder blinks!
You can move again.
It was a potion of might.
You feel very mighty all of a sudden. Grinder misses you.
You puncture Grinder!
Grinder is moderately wounded.
Grinder gestures at you.
You barely resist. You puncture Grinder!
Grinder is severely wounded.
Grinder hits you.
You writhe in agony.
* * * LOW HITPOINT WARNING * * *
Okay, then.
You puncture Grinder!
Your tail-slap misses Grinder.
Grinder is almost dead.
Grinder gestures at you. Pain shoots through your body!
You die...

#.................#
#.#.#.####.####..##
#.#.#.# #.# #..#
###.#.#.# #.# #..#
....#.#.####.####..#
#####.#...[........#
********
*,,,..####.###.###.#
**,,,,,,* *,**###
*,**
##.##.#####...***,*
*,* **,*
#.@..........* *,*
*,******,,**
*#5...#####...* *,*
*,*,>,,,,,,**#.##..#
***** *,*
,,*,****,**,..#*#..#
*,* ***,* *,**#.#*
#..# *,** *,* *,*
#.***#..# *,**
***,** *,* #,,,,...#
*,,, ,,,,,* *,*
*,**,#.## ****
****,* *,* *,**,*,*
*


You could see Grinder.

Vanquished Creatures
  Terence (D:2)
  An adder (D:3)
  2 leopard geckos
  An orc (D:3)
  A giant cockroach (D:1)
  4 goblins
  5 hobgoblins
  12 jackals
  3 ball pythons
  6 bats
  3 frilled lizards
  5 kobolds
  10 rats
54 creatures vanquished.

Notes
Turn   | Place    | Note
-------+----------+-------------------------------------------
     0 | D:1      | Revguard the Draconian Venom Mage began the quest for the
                  | Orb.
     0 | D:1      | Reached XP level 1. HP: 14/14 MP: 3/3
   284 | D:1      | Reached skill level 1 in Fighting
   284 | D:1      | Reached XP level 2. HP: 16/23 MP: 5/5
   296 | D:1      | Learned a level 2 spell: Poisonous Vapours
   998 | D:1      | Reached XP level 3. HP: 29/29 MP: 2/6
  1010 | D:1      | Learned a level 3 spell: Mephitic Cloud
  1430 | D:2      | Reached skill level 1 in Polearms
  1516 | D:2      | Noticed Terence
  1537 | D:2      | Killed Terence
  1537 | D:2      | Reached XP level 4. HP: 26/36 MP: 0/7
  1976 | D:3      | Reached skill level 1 in Air Magic
  1987 | D:3      | Noticed Grinder
  1995 | D:3      | Paralysed by Grinder for 2 turns
  2000 | D:3      | Killed from afar by Grinder

Skill      XL: |  1  2  3  4 |
---------------+-------------+-----
Fighting       | 1 2 |  2.1
Polearms       | 1 |  1.4
Dodging        | 2 |  2.0
Air Magic      | 1 |  1.1
Stealth        | |  1.7
Spellcasting   | |  2.3
Conjurations   | |  1.2
Poison Magic   | |  3.5

Action                   |  1- 3 |  4- 6 || total
-------------------------+-------+-------++-------
Melee: Spear             |    87 |    10 ||    97
       Unarmed           |    10 |       ||    10
       Tailslap          |    12 |       ||    12
 Cast: Sting             |    29 |     3 ||    32
       Poisonous Vapours |    17 |     9 ||    26
       Mephitic Cloud    |     1 |       ||     1
  Use: Scroll            |       |     5 ||     5
       Potion            |       |     2 ||     2
  Eat: Chunk             |     3 |     3 ||     6
Armor: Skin              |    36 |     1 ||    37
Dodge: Dodged            |    78 |     7 ||    85
